 Dungeon Crawl Stone Soup version 0.20.0-15-g7f486f2 (webtiles) character file.

1332 Mysteryquy the Chopper (level 8, -12/67 (70) HPs)
             Began as a Minotaur Berserker on June 16, 2017.
             Was an Elder of Trog.
             Mangled by an orc warrior
             ... wielding a +0 halberd
              (16 damage)
             ... on level 6 of the Dungeon.
             The game lasted 00:12:16 (5617 turns).

Mysteryquy the Chopper (Minotaur Berserker)         Turns: 5617, Time: 00:12:17

HP:   -12/67 (70)   AC:  9    Str: 25    XL:     8   Next: 34%
MP:   7/7           EV: 13    Int:  4    God:    Trog [****..]
Gold: 287           SH:  0    Dex:  9    Spells: 7/7 levels left

rFire    + . .     SeeInvis +   a - +0 hand axe
rCold    . . .     Gourm    .   (no shield)
rNeg     . . .     Faith    .   B - +5 robe of Night {Dark MR+ SInv}
rPois    .         Spirit   .   (helmet restricted)
rElec    .         Reflect  .   (no cloak)
rCorr    .         Harm     .   q - +0 pair of gloves (curse)
MR       +....                  G - +0 pair of boots
Stlth    ++........             (no amulet)
Regen    0.3/turn               e - ring of protection from fire
MPRegen  0.1/turn               (no ring)

@: no status effects
A: retaliatory headbutt, horns 2
a: Berserk, Trog's Hand, Brothers in Arms, Burn Spellbooks, Renounce Religion


You were on level 6 of the Dungeon.
You worshipped Trog.
Trog was greatly pleased with you.
You were near starving.

You visited 1 branch of the dungeon, and saw 6 of its levels.

You collected 287 gold pieces.

Inventory:

Hand Weapons
 a - a +0 hand axe (weapon)
 r - a +0 hunting sling
Missiles
 s - 132 stones (quivered)
 H - 49 sling bullets
Armour
 b - a +0 animal skin
 o - a +0 chain mail
 q - a cursed +0 pair of gloves (worn)
 B - the +5 robe of Night (worn) {Dark MR+ SInv}
   (You found it on level 4 of the Dungeon)

   It affects your resistance to hostile enchantments.
   It lets you see invisible.
 G - a +0 pair of boots (worn)
Jewellery
 e - a ring of protection from fire (left hand)
 g - an uncursed ring of ice {unknown}
 p - an uncursed ring of protection from magic {unknown}
 y - a cursed ring of loudness {unknown}
 I - an uncursed ring of protection from fire
 J - an uncursed ring of flight {unknown}
Wands
 z - a wand of paralysis (12/24)
Scrolls
 h - 3 scrolls of recharging {unknown}
 j - 4 scrolls of identify {unknown}
 l - a scroll of blinking {unknown}
 m - a scroll of magic mapping {unknown}
 n - 2 scrolls of enchant armour {unknown}
 t - 2 scrolls of remove curse {unknown}
 v - a scroll of fog {unknown}
 w - a scroll of amnesia {unknown}
 x - a scroll of fear {unknown}
 F - a scroll of enchant weapon {unknown}
Potions
 f - a potion of flight {unknown}
 k - 2 potions of degeneration {unknown}
 u - a potion of mutation {unknown}
 C - a potion of might {unknown}
 D - 2 potions of brilliance {unknown}
 E - a potion of ambrosia {unknown}
Comestibles
 c - 4 bread rations
 d - a fruit
 i - 3 royal jellies
 A - 3 meat rations


   Skills:
 + Level 6.2 Fighting
 + Level 7.8 Axes
 + Level 4.2 Slings
 + Level 4.2 Armour
 + Level 4.5 Dodging
 + Level 2.9 Stealth


You had 7 spell levels left.
You didn't know any spells.

Dungeon Overview and Level Annotations

Branches:
Dungeon (6/15)
 Temple: D:4-7

Altars:
Sif Muna
Vehumet


Innate Abilities, Weirdness & Mutations

You reflexively headbutt those who attack you in melee.
You have a pair of horns on your head.


Message History

You headbutt the orc warrior, but do no damage.
You barely miss the orc warrior.
The orc warrior is lightly wounded.
The orc warrior hits you with a halberd!
You hit the orc warrior.
The orc warrior is moderately wounded.
You hit the orc warrior.
The orc warrior is moderately wounded.
The orc warrior hits you with a halberd!!
* * * LOW HITPOINT WARNING * * *
You hit the orc warrior but do no damage.
You headbutt the orc warrior, but do no damage.
The orc warrior is moderately wounded.
The orc warrior closely misses you. You furiously retaliate!
You headbutt the orc warrior! You hit the orc warrior.
You headbutt the orc warrior, but do no damage.
The orc warrior is almost dead.
The orc warrior hits you with a halberd!
You die...

################
###.....$.).@oo...
........##########
###.#....######
.............=
###.#.##.......
#.#.###.#### #
#.#........
#.#.##.#### #.#
..^


You could see an orc warrior and an orc.

Vanquished Creatures
  The ghost of Dwachs the Sneak, an amateur SpEn (D:4)
  A sky beast (D:6)
  2 ogres
  An ice beast (D:5)
  A necrophage (D:5)
  4 scorpions (D:5)
  2 howler monkeys
  2 centaur skeletons (D:5)
  An orc priest (D:4)
  An orc wizard (D:3)
  Terence (D:3)
  2 iguanas
  Natasha (twice) (D:3)
  A worker ant (D:4)
  Robin (D:3)
  4 adders
  A shadow imp (D:3)
  2 oozes (D:1)
  An adder skeleton (D:4)
  4 worms
  2 dart slugs
  5 leopard geckos
  6 orcs
  2 ball pythons
  26 bats
  7 giant cockroaches
  14 goblins
  13 hobgoblins
  2 jackals (D:4)
  A quokka (D:5)
  A ball python skeleton (D:4)
  8 frilled lizards
  5 kobolds
  7 rats
  A fungus (D:5)
135 creatures vanquished.

Notes
Turn   | Place    | Note
-------+----------+-------------------------------------------
     0 | D:1      | Mysteryquy the Minotaur Berserker began the quest for the Orb.
     0 | D:1      | Reached XP level 1. HP: 19/19 MP: 0/0
    98 | D:1      | Reached XP level 2. HP: 27/27 MP: 1/1
   180 | D:1      | Reached skill level 4 in Axes
   468 | D:1      | Reached XP level 3. HP: 34/34 MP: 2/2
   771 | D:1      | Reached ** piety under Trog
  1384 | D:2      | Reached XP level 4. HP: 37/41 MP: 3/3
  1426 | D:2      | Reached skill level 1 in Slings
  2053 | D:3      | Reached *** piety under Trog
  2053 | D:3      | Reached skill level 1 in Stealth
  2069 | D:3      | Noticed Robin
  2096 | D:3      | Killed Robin
  2188 | D:3      | Noticed Natasha
  2191 | D:3      | Killed Natasha
  2191 | D:3      | Reached XP level 5. HP: 45/47 MP: 4/4
  2448 | D:3      | Found a faded altar of an unknown god.
  2612 | D:3      | Noticed Terence
  2616 | D:3      | Noticed Natasha
  2630 | D:3      | Killed Terence
  2635 | D:3      | Killed Natasha
  2692 | D:3      | Reached skill level 5 in Fighting
  2699 | D:3      | Found a deep blue altar of Sif Muna.
  2840 | D:4      | Reached XP level 6. HP: 43/56 MP: 5/5
  2921 | D:3      | Reached **** piety under Trog
  3401 | D:4      | Reached skill level 5 in Axes
  3437 | D:4      | Noticed Dwachs's ghost (amateur SpEn)
  3456 | D:4      | Killed Dwachs's ghost
  3456 | D:4      | Reached XP level 7. HP: 41/61 MP: 6/6
  4123 | D:5      | Entered Level 5 of the Dungeon
  4312 | D:5      | Reached skill level 6 in Axes
  4578 | D:5      | Received a gift from Trog
  4737 | D:5      | Reached skill level 7 in Axes
  4737 | D:5      | Reached XP level 8. HP: 67/67 MP: 7/7
  5255 | D:5      | Found a radiant altar of Vehumet.
  5615 | D:6      | HP: 3/67 [orc warrior/halberd (19)]
  5617 | D:6      | Mangled by an orc warrior

Skill      XL: |  1  2  3  4  5  6  7  8 |
---------------+-------------------------+-----
Fighting       | 4 5 6 |  6.2
Axes           | 4 5 7 |  7.8
Slings         | 2 3 4 |  4.2
Armour         | 3 4 |  4.2
Stealth        | 1 2 |  2.9
Dodging        | 3 4 |  4.5

Action                   |  1- 3 |  4- 6 |  7- 9 || total
-------------------------+-------+-------+-------++-------
Melee: Hand axe          |    64 |    93 |   119 ||   276
       Headbutt          |    11 |    19 |    25 ||    55
 Fire: Hunting sling     |    32 |    95 |       ||   127
Invok: Berserk           |       |       |     1 ||     1
 Stab: Sleeping          |     1 |       |     4 ||     5
  Eat: Chunk             |     1 |     7 |     5 ||    13
       Fruit             |       |       |     1 ||     1
Armor: Animal skin       |    11 |       |       ||    11
       Chain mail        |    27 |    52 |       ||    79
       Robe              |       |     8 |    45 ||    53
Dodge: Dodged            |    44 |    82 |    62 ||   188
